 Dungeon Crawl Stone Soup version 0.29.1-4-g47bece8355 (webtiles) character file.

Game seed: 9117392882688435160

51 Groucho the Sneak (level 3, -3/15 HPs)
             Began as a Felid Transmuter on Dec 11, 2022.
             Slain by a scorpion (6 damage)
             ... on level 4 of the Dungeon.
             The game lasted 00:03:29 (3133 turns).

Groucho the Sneak (Felid Transmuter)                Turns: 3133, Time: 00:03:30

Health: -3/15      AC:  1    Str:  5 (8)  XL:     3   Next: 58%
Magic:  7/8        EV: 17    Int: 12 (14) God:
Gold:   74         SH:  0    Dex: 13 (16) Spells: 6/7 levels left
                                        Lives:  0   Deaths: 1

rFire   . . .      SeeInvis +     - Unarmed
rCold   . . .      Faith    .   (shield unavailable)
rNeg    . . .      Spirit   .   (body armour unavailable)
rPois   .          Reflect  .   (helmet unavailable)
rElec   .          Harm     .   (cloak unavailable)
rCorr   .          Rampage  .   (gloves unavailable)
Will    .....                   (boots unavailable)
Stlth   +++.......              (no amulet)
HPRegen 0.05/turn               (no ring)
MPRegen 0.11/turn               (no ring)

@: appendages, quick
A: horns 2, very small, claws 1, fangs 3, see invisible, speed 1, shaggy fur 1,
stealthy paws, no weapons or thrown items, no armour, multi-lived
a: End Transformation


You were on level 4 of the Dungeon.
You had temporarily grown beastly horns.
You visited 1 branch of the dungeon, and saw 4 of its levels.

You collected 74 gold pieces.

Inventory:

Jewellery
 g - a +6 ring of dexterity
Wands
 i - a wand of light (11)
Scrolls
 c - 3 scrolls of identify {unknown}
 d - a scroll of noise {unknown}
 e - 2 scrolls of enchant armour {unknown}
 f - a scroll of magic mapping {unknown}
Potions
 a - a potion of lignification


   Skills:
 - Level 1.0 Fighting
 - Level 2.6 Dodging
 * Level 4.3 Stealth
 - Level 3.0 Unarmed Combat
 + Level 2.8 Spellcasting
 + Level 3.2 Transmutations


You had 6 spell levels left.
You knew the following spells:

 Your Spells              Type           Power      Damage    Failure   Level
a - Beastly Appendage     Tmut           18%        N/A       7%          1

Your spell library contained the following spells:

 Spells                   Type           Power      Damage    Failure   Level
 Wereblood                Tmut           9%         N/A       10%         2
 Spider Form              Tmut/Pois      5%         N/A       36%         3
 Ignite Poison            Fire/Tmut/Pois 4%         N/A       43%         3
 Mephitic Cloud           Conj/Pois/Air  1%         N/A       58%         3
 Ice Form                 Ice/Tmut       5%         N/A       77%         4
 Freezing Cloud           Conj/Ice/Air   0%         6-21      100%        5


Dungeon Overview and Level Annotations

Branches:
Dungeon (4/15)
 Temple: D:4-7

Altars:


Innate Abilities, Weirdness & Mutations

You have temporarily grown beastly horns.
You have sharp claws.
You have razor-sharp teeth.
You have supernaturally acute eyesight. (SInv)
You cover ground quickly. (Speed+)
You are covered in fur. (AC +1)
Your paws help you pounce on unaware monsters.
You are incapable of wielding weapons or throwing items.
You cannot wear armour.
You gain extra lives every three experience levels.


Message History

You are too injured to fight recklessly!
It was a potion of attraction.
You feel attractive to monsters.
* * * LOW HITPOINT WARNING * * *
You feel sick. The endoplasm freezes you.
You are frozen.
You die...
You are now level 3!
You rejoin the land of the living...
You see here 4 stones.
There is a stone staircase leading up here.
You climb upwards.
The orc shouts!
The hobgoblin shouts!
The orc shouts!
There is a stone staircase leading down here.
You climb downwards.
There is a stone staircase leading up here.
Found a dagger.
Found a pair of boots.
You see here a +0 dagger.
Found a club.
You see here a +0 pair of boots.
A scorpion comes into view.
A scorpion is nearby!
The scorpion stings you!
Ouch! That really hurt!
You are too injured to fight recklessly!
A scorpion comes into view.
The scorpion stings you.
* * * LOW HITPOINT WARNING * * *
It was a potion of degeneration.
There was something very wrong with that liquid.
You feel weakened.
You feel dopey.
You feel clumsy. The scorpion closely misses you.
Unknown command.
Unknown command.
Casting: Beastly Appendage (safe; 7% risk of failure)
Confirm with . or Enter, or press ? or * to list all spells.
You grow a pair of large bovine horns.
The scorpion stings you.
You die...

###.......#########
...........[.).....
#.#.......#########
#.##.....##
#.###...##
#....).##
.#####..###.#
........###.#
#......@....#
#.#####s##### #.# #
#.# .##.#####.#
...s....s.#
..........########
......$..........#
.##.####.##.####..


You could see 2 scorpions.

Vanquished Creatures
  A jelly (D:4)
  An orc wizard (D:4)
  An adder (D:4)
  A dart slug (D:1)
  8 orcs (D:4)
  4 ball pythons (D:1)
  6 endoplasms
  2 goblins (D:1)
  3 hobgoblins (D:1)
  A quokka (D:1)
  3 bats
  2 kobolds (D:1)
  2 rats (D:1)
35 creatures vanquished.

Notes
Turn   | Place    | Note
-------+----------+-------------------------------------------
     0 | D:1      | Groucho the Felid Transmuter began the quest for the Orb.
     0 | D:1      | Reached XP level 1. HP: 9/9 MP: 4/4
   128 | D:1      | Reached skill level 1 in Stealth
   443 | D:1      | Reached XP level 2. HP: 12/12 MP: 6/6
   576 | D:1      | Reached skill level 2 in Stealth
  1799 | D:2      | Reached XP level 3. HP: 3/15 MP: 7/7
  1815 | D:2      | You fall into a shaft and drop 2 floors!
  2295 | D:4      | Reached skill level 3 in Stealth
  2694 | D:4      | Reached XP level 4. HP: 7/19 MP: 6/8
  3025 | D:4      | Reached skill level 4 in Stealth
  3055 | D:4      | Frozen to death by an endoplasm
  3056 | D:4      | Reached XP level 3. HP: 0/15 MP: 8/8
  3120 | D:4      | Noticed a scorpion
  3125 | D:4      | Noticed a scorpion
  3133 | D:4      | Slain by a scorpion

Illustrated notes

Levels and vault maps discovered:
D:1:      reono_arrival_mine, layout_rooms, serial_co_window_serial,
          co_window_of_opportunity_a, co_window_paths_a, co_window_corner_a,
          co_window_corner_a, co_window_cross_1, co_window_paths_b,
          co_window_of_opportunity_a, co_window_corner_a, co_window_paths_a,
          co_window_unsneaky_path_d, co_window_2corner, co_window_corner_b,
          co_window_paths_e, glass_columns_a, glass_columns_a, glass_columns_a,
          minmay_misc_feat_rugged
D:2:      layout_rooms, chequers_serial_rivers_small_a
D:3:      layout_loops_ring, shapermc_ecumenical_altar_mp_urbaneastern,
          uniq_robin
D:4:      layout_loops_ring, kennysheep_diamond, uniq_duvessa

Skill      XL: |  1  2  3  4 |
---------------+-------------+-----
Stealth        | 1 2 3 4 |  4.3
Transmutations | 3 |  3.2
Fighting       | |  1.0
Dodging        | |  2.6
Unarmed Combat | |  3.0
Spellcasting   | |  2.8

Action                   |  1- 3 |  4- 6 || total
-------------------------+-------+-------++-------
Melee: Unarmed           |    99 |    12 ||   111
       Bite              |     9 |     2 ||    11
       Punch             |     4 |       ||     4
       Headbutt          |     1 |     1 ||     2
 Cast: Beastly Appendage |     2 |       ||     2
  Use: Potion            |     1 |     1 ||     2
 Stab: Sleeping          |     4 |     1 ||     5
Armor: Skin              |     1 |       ||     1
Dodge: Dodged            |    73 |     9 ||    82
